 Dungeon Crawl Stone Soup version 0.24.0-28-g17ded55e90 (webtiles) character file.

Game seed: 1565929541031264833, levelgen mode: deterministic

89 lepoulpe303 the Conjurer (level 4, -1/24 HPs)
             Began as a Deep Elf Conjurer on Nov 12, 2019.
             Slain by Natasha (2 damage)
             ... on level 2 of the Dungeon.
             The game lasted 00:05:36 (1599 turns).

lepoulpe303 the Conjurer (Deep Elf Conjurer)        Turns: 1599, Time: 00:05:36

Health: -1/24      AC:  2    Str:  5    XL:     4   Next: 31%
Magic:  1/12       EV: 13    Int: 21    God:
Gold:   119        SH:  6    Dex: 15    Spells: 8/11 levels left

rFire    . . .     SeeInvis .   a - +0 short sword
rCold    . . .     Gourm    .   (no shield)
rNeg     . . .     Faith    .   h - +0 robe
rPois    .         Spirit   .   (no helmet)
rElec    .         Reflect  +   (no cloak)
rCorr    .         Harm     .   (no gloves)
MR       .....                  (no boots)
Stlth    ++........             f - +6 amulet of reflection
HPRegen  0.08/turn              (no ring)
MPRegen  0.13/turn              (no ring)

@: very slightly contaminated, slowed, very slow
A: no striking features
a: no special abilities


You were on level 2 of the Dungeon.
You were hungry.

You visited 1 branch of the dungeon, and saw 2 of its levels.

You collected 119 gold pieces.

Inventory:

Hand Weapons
 a - a +0 short sword (weapon)
Missiles
 d - 7 poisoned darts (quivered)
 Q - 42 stones
Armour
 h - a +0 robe (worn)
Jewellery
 f - a +6 amulet of reflection (around neck)
Scrolls
 g - a scroll of amnesia {unknown}
 i - a scroll of identify
 k - a scroll of remove curse {unknown}
 l - a scroll of fog {unknown}
Potions
 c - 2 potions of curing {unknown}
 j - a potion of agility {unknown}
Comestibles
 e - 2 rations


   Skills:
 + Level 3.1 Dodging
 + Level 3.2 Stealth
 * Level 4.4 Spellcasting
 * Level 5.1 Conjurations


You had 8 spell levels left.
You knew the following spells:

 Your Spells              Type           Power        Failure   Level  Hunger
a - Magic Dart            Conj           ####         1%          1    None
b - Searing Ray           Conj           ####..       2%          2    #......

Your spell library contained the following spells:

 Spells                   Type           Power        Failure   Level  Hunger
 Dazzling Spray           Conj/Hex       ###...       12%         3    ##.....
 Iskenderun's Mystic Bla  Conj           ####....     14%         4    ####...
 Force Lance              Conj/Tloc      ###.....     36%         4    ####...
 Fulminant Prism          Conj/Hex       ###.......   36%         4    ####...


Dungeon Overview and Level Annotations

Branches:
Dungeon (2/15)

Altars:
Cheibriados

Annotations:
D:2 Natasha


Message History

You now have 1/12 mp.
Aim: Natasha, carrying a wand of digging (2) (severely wounded)
The magic dart hits Natasha.
* * * LOW MAGIC WARNING * * *
Natasha claws you!
* * * LOW HITPOINT WARNING * * *
Natasha closely misses you.
You take 7 damage, and have 6/24 hp.
MASSIVE DAMAGE!!
You now have 0/12 mp.
Natasha claws you.
* * * LOW HITPOINT WARNING * * *
You take 2 damage, and have 4/24 hp.
The crimson imp blinks!
Natasha claws you.
* * * LOW HITPOINT WARNING * * *
You take 3 damage, and have 1/24 hp.
Natasha mumbles some strange words.
You feel troubled. Natasha claws you.
You die...

.................#....####...####
......................##........#
.....#.................#........#
...#......ยง......#.)##..........#
#................#..#............
##.##............#....#)########.
,..*###...............#..,,,,,,#.
*,,,,..........h......####****,#.
**,*###.........@.....#,,,,,,,,#.
**,**#................#,*******#.
*,,,............##...#,,,,,,,,#.
**,,.............,,..#*******,#.
**,,,,..>..........,,.#,,,,,,,,#.
*,,,,>,.)...####....,,#,########.
,,,,,,,,....,,,.....,,,,.........
,*,,,,,,,..,,,,....#**,,###....#.
,,,,,,,,,,,,,******* **,* ###....


You could see Natasha.

Levels and vault maps discovered:
D:1:      minmay_arrival_solitary_statue, layout_loops_cross
D:2:      layout_rooms, cheibriados_altar_1, minivault_27, uniq_natasha

Notes
Turn   | Place    | Note
-------+----------+-------------------------------------------
     0 | D:1      | lepoulpe303 the Deep Elf Conjurer began the quest for the
                  | Orb.
     0 | D:1      | Reached XP level 1. HP: 10/10 MP: 6/6
   119 | D:1      | Identified a +0 whip
   375 | D:1      | Identified a +2 antimagic dagger
   377 | D:1      | Reached XP level 2. HP: 15/15 MP: 5/8
   550 | D:1      | Identified a +0 dagger
   609 | D:1      | Identified a +0 dagger
   647 | D:1      | Identified a +0 short sword
   674 | D:1      | Learned a level 2 spell: Searing Ray
   759 | D:2      | Noticed Natasha
   783 | D:2      | Identified a +0 short sword
   844 | D:2      | Identified a +0 dagger
   922 | D:2      | Identified a +0 club
   942 | D:2      | Identified a +0 club
   945 | D:2      | Reached XP level 3. HP: 19/19 MP: 6/10
  1084 | D:2      | Identified 2 scrolls of identify
  1084 | D:2      | Identified an amulet of reflection (You found it on level 1
                  | of the Dungeon)
  1102 | D:2      | Reached skill level 4 in Spellcasting
  1116 | D:2      | Found a snail-covered altar of Cheibriados.
  1154 | D:2      | Reached skill level 3 in Stealth
  1154 | D:2      | lepoulpe303: !whichgod decj
  1154 | D:2      | meem: 90 recent wins for decj: 56x Vehumet, 18x Sif Muna,
                  | 5x Ashenzari, 3x Kikubaaqudgha, 2x Dithmenos, 2x Gozag,
                  | Zin, Jiyva, Ru, Uskayaw
  1372 | D:2      | Killed Natasha
  1372 | D:2      | Reached skill level 3 in Dodging
  1372 | D:2      | Reached skill level 5 in Conjurations
  1565 | D:2      | Noticed Natasha
  1571 | D:2      | Killed Natasha
  1571 | D:2      | Reached XP level 4. HP: 16/24 MP: 4/12
  1578 | D:2      | Noticed Natasha
  1595 | D:2      | HP: 6/24 [Natasha (7)]
  1598 | D:2      | HP: 1/24 [Natasha (4)]
  1599 | D:2      | Slain by Natasha

Table legend:
 A = Turns spent in this place as a percentage of turns spent in the entire game.
 B = Non-inter-level travel turns spent in this place as a percentage of non-inter-level travel turns spent in the entire game.
 C = Inter-level travel turns spent in this place as a percentage of turns spent in this place.
 D = Turns resting spent in this place as a percentage of non-inter-level travel turns spent in this place.
 E = Turns spent auto-exploring this place as a percentage of non-inter-level travel turns spent in this place.
 F = Non-inter-level travel turns spent in this place divided by the number of levels of this place that you've seen.
                   A       B       C       D       E      F
               +-------+-------+-------+-------+-------+----------------------
         Total | 100.0 | 100.0 |   2.1 |  21.8 |  58.5 | 782.5
       Dungeon | 100.0 | 100.0 |   2.1 |  21.8 |  58.5 | 782.5
               +-------+-------+-------+-------+-------+----------------------

Table legend:
 A = Kills in this place as a percentage of kills in entire the game.
 B = Kills by you in this place as a percentage of kills by you in the entire game.
 C = Kills by friends in this place as a percentage of kills by friends in the entire game.
 D = Other kills in this place as a percentage of other kills in the entire game.
 E = Experience gained in this place as a percentage of experience gained in the entire game.
 F = Experience gained in this place divided by the number of levels of this place that you have seen.
                   A       B       C       D       E      F
               +-------+-------+-------+-------+-------+----------------------
         Total | 100.0 | 100.0 |   N/A |   N/A | 100.0 |  64.0
       Dungeon | 100.0 | 100.0 |   N/A |   N/A | 100.0 |  64.0
               +-------+-------+-------+-------+-------+----------------------

Skill      XL: |  1  2  3 |
---------------+----------+-----
Spellcasting   | 4 |  4.4
Stealth        | 3 |  3.2
Dodging        | 3 |  3.1
Conjurations   | 5 |  5.1

Action                   |  1- 3 |  4- 6 || total
-------------------------+-------+-------++-------
Throw: Dart              |     2 |       ||     2
 Cast: Magic Dart        |    57 |     5 ||    62
       Searing Ray       |     4 |     2 ||     6
  Use: Scroll            |     1 |       ||     1
  Eat: Chunk             |     1 |       ||     1
Armor: Robe              |     1 |       ||     1
Dodge: Dodged            |     6 |     1 ||     7
Block: Other             |     1 |       ||     1

Vanquished Creatures
  Natasha (twice) (D:2)
  An adder (D:2)
  3 dart slugs
  A leopard gecko (D:2)
  2 giant cockroaches
  3 goblins
  3 hobgoblins (D:2)
  6 kobolds
  2 bats (D:1)
  2 frilled lizards (D:2)
  2 rats (D:2)
27 creatures vanquished.
